 Dungeon Crawl Stone Soup version 0.21.1-1-g345015f (webtiles) character file.

282 Monsterracer the Sneak (level 6, 24/24 HPs)
             Began as a Felid Enchanter on Feb 10, 2018.
             Was a Follower of Dithmenos.
             Quit the game on level 5 of the Dungeon.
             The game lasted 00:10:28 (6331 turns).

Monsterracer the Sneak (Felid Enchanter)            Turns: 6331, Time: 00:10:29

Health: 24/24      AC:  2    Str:  4    XL:     6   Next: 6%
Magic:  10/10      EV: 18    Int: 18    God:    Dithmenos [*.....]
Gold:   138        SH:  0    Dex: 17    Spells: 0/9 levels left
                                        Lives:  0   Deaths: 2

rFire    . . .     SeeInvis +     - Unarmed
rCold    . . .     Gourm    .   (shield unavailable)
rNeg     . . .     Faith    .   (armour unavailable)
rPois    .         Spirit   .   (helmet unavailable)
rElec    .         Reflect  .   (cloak unavailable)
rCorr    .         Harm     .   (gloves unavailable)
MR       .....                  (boots unavailable)
Stlth    +++++.....             (no amulet)
HPRegen  0.08/turn              (no ring)
MPRegen  0.12/turn              (no ring)

@: wreathed by umbra, quick
A: very small, no armour, no weapons or thrown items, stealth, claws 1, fangs 3,
see invisible, carnivore, speed 1, shaggy fur 2, slow metabolism 1, sharp paws
a: Renounce Religion


You were on level 5 of the Dungeon.
You worshipped Dithmenos.
Dithmenos was aware of your devotion.
You were not hungry.

You visited 1 branch of the dungeon, and saw 5 of its levels.

You collected 138 gold pieces.

Inventory:

Scrolls
 b - a scroll of amnesia {unknown}
 f - 5 scrolls of identify {unknown}
 g - 2 scrolls of remove curse {unknown}
 i - 2 scrolls of fear {unknown}
 j - 4 scrolls of teleportation {unknown}
 k - 2 scrolls of enchant armour {unknown}
 l - 3 scrolls of magic mapping {unknown}
 n - a scroll of random uselessness {unknown}
 q - 2 scrolls of blinking {unknown}
Potions
 d - 4 potions of curing
 e - a potion of flight {unknown}
 h - 3 potions of might {unknown}
 m - 4 potions of heal wounds {unknown}
 o - 2 potions of cancellation {unknown}
 r - a potion of magic {unknown}
 s - 3 potions of agility
 u - a potion of brilliance {unknown}
Books
 a - a book of Maledictions

   Spells                             Type                      Level
   a - Corona                         Hexes                        1
   b - Ensorcelled Hibernation        Hexes/Ice                    2
   c - Confuse                        Hexes                        3
   d - Tukima's Dance                 Hexes                        3
   e - Dazzling Spray                 Conjuration/Hexes            3
 p - a book of Callings

   Spells                             Type                      Level
   a - Summon Small Mammal            Summoning                    1
   b - Call Imp                       Summoning                    2
   c - Call Canine Familiar           Summoning                    3
   d - Summon Guardian Golem          Hexes/Summoning              3
   e - Summon Lightning Spire         Summoning/Air                4
   f - Summon Ice Beast               Ice/Summoning                4
 t - a book of Misfortune

   Spells                             Type                      Level
   a - Confusing Touch                Hexes                        1
   b - Confuse                        Hexes                        3
   c - Gell's Gravitas                Translocation                3
   d - Petrify                        Transmutation/Earth          4
   e - Metabolic Englaciation         Hexes/Ice                    5
   f - Yara's Violent Unravelling     Hexes/Transmutation          5
Comestibles
 c - 8 rations


   Skills:
 + Level 0.0 Fighting
 + Level 2.7 Dodging
 + Level 7.7 Stealth
 * Level 6.6 Unarmed Combat
 + Level 2.3 Spellcasting
 + Level 7.4 Hexes


You couldn't memorise any spells.
You knew the following spells:

 Your Spells              Type           Power        Failure   Level  Hunger
a - Corona                Hex            ####...      1%          1    #......
b - Ensorcelled Hibernat  Hex/Ice        ###...       5%          2    ##.....
c - Confuse               Hex            ####....     2%          3    ###....
d - Tukima's Dance        Hex            ####....     2%          3    ###....


Dungeon Overview and Level Annotations

Branches:
Dungeon (5/15)
 Temple: D:4-7

Altars:
Ashenzari
Cheibriados
Dithmenos
Okawaru
Sif Muna
Xom
Yredelemnul
Zin


Innate Abilities, Weirdness & Mutations

You cannot wear armour.
You are incapable of wielding weapons or throwing items.
Your paws allow you to move quietly. (Stealth)
You have sharp claws.
You have razor-sharp teeth.
You have supernaturally acute eyesight. (SInv)
You are carnivorous and can eat meat at any time.
You cover ground quickly.
You are covered in thick fur. (AC +2)
You have a slow metabolism.
Your sharp claws are effective at attacking unaware monsters.


Message History

You eviscerate the orc wizard!!!
You kill the orc wizard!
Dithmenos accepts your kill.
Dithmenos appreciates your extinguishing a source of fire.
Welcome back to level 7!
Health restored: 27 The orc completely misses you.
Items here: ( ) [[ † a dagger; a robe; a stone; a leather armour; an orc corpse You scratch the orc.
The orc is severely wounded.
The orc closely misses you.
You claw the orc!
You kill the orc!
Dithmenos accepts your kill.
Things that are here:
an enchanted mace; 11 stones; a leather armour You start resting.
An adder zombie is nearby!
An adder zombie is nearby!
An adder zombie is nearby!
You see here a stone.
You claw the adder zombie!
The adder zombie is heavily damaged.
The adder zombie bites you.
You take 1 damage, and have 26/27 hp.
You closely miss the adder zombie.
The adder zombie is heavily damaged.
The adder zombie bites you.
You take 4 damage, and have 22/27 hp.
You barely miss the adder zombie.
The adder zombie is heavily damaged.
The adder zombie closely misses you.
You scratch the adder zombie but do no damage.
The adder zombie is heavily damaged.
The adder zombie misses you.
You scratch the adder zombie but do no damage.
The adder zombie is heavily damaged.
The adder zombie barely misses you.
You claw the adder zombie!
You destroy the adder zombie!
Dithmenos accepts your kill.
HP restored.
Key pressed, stopping explore.
A leopard gecko comes into view.
Health restored: 27 You regained 8 mp, and now have 10/11 mp.
A leopard gecko is nearby!
The leopard gecko hisses angrily.
MP restored: 11 The leopard gecko bites you.
You take 3 damage, and have 24/27 hp.
You barely miss the leopard gecko.
You claw the leopard gecko, but do no damage.
The leopard gecko bites you.
You take 2 damage, and have 22/27 hp.
You scratch the leopard gecko but do no damage.
The leopard gecko bites you.
You take 2 damage, and have 20/27 hp.
You are too injured to fight recklessly!
You are too injured to fight recklessly!
You are too injured to fight recklessly!
You claw the leopard gecko!
You kill the leopard gecko!
Dithmenos accepts your kill.
You see here a leopard gecko corpse.
An orc priest is nearby!
An orc priest is nearby!
Casting: Ensorcelled Hibernation
Confirm with . or Enter, or press ? or * to list all spells.
Aiming: Ensorcelled Hibernation
Press: ? - help, Shift-Dir - straight line, f - orc priest
Aim: an orc priest (hasn't noticed you, umbra, chance to defeat MR: 46%)
The orc priest resists with some effort.
The orc priest calls down the wrath of Beogh upon you.
Pain shoots through your body!
Ouch! That really hurt!
* * * LOW HITPOINT WARNING * * *
You take 14 damage, and have 7/27 hp.
MASSIVE DAMAGE!!
You now have 9/11 mp.
Casting: Ensorcelled Hibernation
Confirm with . or Enter, or press ? or * to list all spells.
Aiming: Ensorcelled Hibernation
Press: ? - help, Shift-Dir - straight line, f/p - orc priest
Aim: an orc priest (umbra, chance to defeat MR: 46%)
The orc priest resists with some effort.
The orc priest barely misses you.
You now have 7/11 mp.
Casting: Ensorcelled Hibernation
Confirm with . or Enter, or press ? or * to list all spells.
Aiming: Ensorcelled Hibernation
Press: ? - help, Shift-Dir - straight line, f/p - orc priest
Aim: an orc priest (umbra, chance to defeat MR: 46%)
The orc priest resists with some effort.
The orc priest calls down the wrath of Beogh upon you.
Beogh smites you!
You die...
You are now level 6!
You rejoin the land of the living...
Health restored: 24; MP restored: 10 Are you sure you want to abandon this character and quit the game? (Confirm with "yes".)

#..##.#.#.###.#
###########
#.>...........########
#
##.##.#.#.......>....#
#
#.###...#.#########.#
## #.# ##.##.# #)# #.
#.# #.##.# #.# #. #.#
#.##.# #.# #.
####.####.##.######
#.# #.
#...........@.....#
##.#####.
#.##########.####.#
#........ #.# #.# #o#
#..###... #.# #.# #.#
#..##.... ##.##
#.####.###..###...
####...####
#.......o.[......#
.....#....#
##########.#######
.###...##.# #.#
##.###)# ###########.#


There were no monsters in sight!

Vanquished Creatures
  Grinder (D:3)
  Edmund (D:4)
  An orc warrior (D:3)
  Blork the orc (D:4)
  2 scorpions (D:4)
  Natasha (thrice) (D:2)
  A centaur skeleton (D:5)
  3 orc wizards
  An iguana (D:4)
  3 worker ants (D:5)
  3 gnolls (D:2)
  3 adders
  An adder zombie (D:5)
  A dart slug (D:1)
  3 leopard geckos
  15 orcs
  4 giant cockroaches
  2 gnoll zombies (D:4)
  9 goblins
  8 hobgoblins
  2 quokkas (D:2)
  A ball python (D:5)
  5 bats
  A frilled lizard (D:4)
  8 kobolds
  A quokka skeleton (D:5)
  3 rats
87 creatures vanquished.

Notes
Turn   | Place    | Note
-------+----------+-------------------------------------------
     0 | D:1      | Monsterracer the Felid Enchanter began the quest for the Orb.
     0 | D:1      | Reached XP level 1. HP: 7/7 MP: 4/4
   465 | D:1      | Reached XP level 2. HP: 6/11 MP: 6/6
   478 | D:1      | Learned a level 2 spell: Ensorcelled Hibernation
  1308 | D:2      | Found a shattered altar of Ashenzari.
  1344 | D:2      | Reached XP level 3. HP: 11/14 MP: 2/7
  1355 | D:2      | HP: 7/14 [poisoned by an adder]
  1363 | D:2      | HP: 5/14 [poisoned by an adder]
  1730 | D:2      | Learned a level 3 spell: Confuse
  1758 | D:2      | HP: 7/14 [hobgoblin/club (7)]
  1952 | D:2      | Noticed Natasha
  2218 | D:2      | Killed Natasha
  2218 | D:2      | Reached skill level 5 in Stealth
  2218 | D:2      | Reached XP level 4. HP: 11/18 MP: 5/8
  2542 | D:2      | Found an iron altar of Okawaru.
  2646 | D:2      | Found a deep blue altar of Sif Muna.
  2822 | D:2      | Reached skill level 5 in Hexes
  2861 | D:2      | Noticed Natasha
  2869 | D:2      | Killed Natasha
  2869 | D:2      | Reached XP level 5. HP: 15/21 MP: 0/9
  2955 | D:2      | Found a shattered altar of Ashenzari.
  3011 | D:2      | Found an iron altar of Okawaru.
  3012 | D:2      | Found a deep blue altar of Sif Muna.
  3401 | D:2      | Noticed Natasha
  3404 | D:2      | Killed Natasha
  3625 | D:3      | Noticed Grinder
  3625 | D:3      | Paralysed by Grinder for 2 turns
  3638 | D:3      | Paralysed by Grinder for 3 turns
  3741 | D:3      | Paralysed by Grinder for 3 turns
  3837 | D:3      | Killed Grinder
  3837 | D:3      | Gained mutation: You are covered in thick fur. (AC +2) [Felid growth]
  3837 | D:3      | Reached XP level 6. HP: 20/24 MP: 5/10
  3843 | D:3      | Learned a level 3 spell: Tukima's Dance
  3974 | D:3      | Found a shadowy altar of Dithmenos.
  3977 | D:3      | Became a worshipper of Dithmenos the Shadowed
  3979 | D:3      | Noticed an orc warrior
  3980 | D:3      | Reached skill level 5 in Unarmed Combat
  3998 | D:3      | Killed an orc warrior
  4004 | D:3      | Reached XP level 7. HP: 27/27 MP: 8/11
  4434 | D:4      | Found a basalt altar of Yredelemnul.
  4532 | D:4      | Noticed Blork the orc
  4538 | D:4      | Killed Blork the orc
  4720 | D:4      | Noticed Edmund
  4727 | D:4      | HP: 12/27 [Edmund/flail of protection (15)]
  4737 | D:4      | Killed Edmund
  5049 | D:4      | Found a glowing silver altar of Zin.
  5265 | D:4      | Noticed an angel
  5266 | D:4      | Found a shimmering altar of Xom.
  5444 | D:5      | Entered Level 5 of the Dungeon
  5622 | D:5      | Found a snail-covered altar of Cheibriados.
  5856 | D:5      | Reached * piety under Dithmenos
  6094 | D:5      | HP: 13/27 [orc priest/divine providence (14)]
  6099 | D:5      | HP: 5/27 [orc priest/divine providence (9)]
  6102 | D:5      | Killed from afar by an orc priest
  6103 | D:5      | Reached XP level 6. HP: -8/24 MP: 10/10
  6223 | D:5      | Reached XP level 7. HP: 27/27 MP: 0/11
  6328 | D:5      | HP: 7/27 [orc priest/nerve-wracking pain (14)]
  6330 | D:5      | Killed from afar by an orc priest
  6331 | D:5      | Reached XP level 6. HP: -6/24 MP: 5/10
  6331 | D:5      | Quit the game

Skill      XL: |  1  2  3  4  5  6  7 |
---------------+----------------------+-----
Unarmed Combat | 2 3 4 5 6 |  6.6
Stealth        | 5 6 7 |  7.7
Hexes          | 5 6 7 |  7.4
Dodging        | |  2.7
Spellcasting   | |  2.3

Action                   |  1- 3 |  4- 6 |  7- 9 || total
-------------------------+-------+-------+-------++-------
Melee: Unarmed           |    91 |    49 |    89 ||   229
       Bite              |     4 |     3 |     7 ||    14
       Punch             |     1 |       |     1 ||     2
 Cast: Ensorcelled Hiber |     8 |    14 |    17 ||    39
       Corona            |     2 |       |       ||     2
       Confuse           |       |     9 |     3 ||    12
 Stab: Sleeping          |    20 |    16 |    11 ||    47
       Confused          |       |     1 |     3 ||     4
       Distracted        |       |       |     1 ||     1
  Eat: Chunk             |    10 |     1 |     9 ||    20
Armor: Skin              |     1 |       |     3 ||     4
Dodge: Dodged            |    57 |    26 |    49 ||   132

Vault maps used:
D:1:      wheals_arrival_shading, serial_forest, infiniplex_forest_clump_long,
          infiniplex_forest_lined_3_way, infiniplex_forest_lined_room_2,
          infiniplex_forest_straight_2, infiniplex_forest_lined_ring,
          infiniplex_forest_end_1, infiniplex_forest_clump_long,
          minmay_misc_feat_doors
D:2:      minitemple, overflow_temple_1_default, uniq_natasha
D:3:      grunt_dithmenos_smoke_and_mirrors, first_ration, uniq_grinder
D:4:      cheibrodos_helix_gallery, grunt_temple_overflow_order_and_chaos_1,
          lemuel_zombie_altar_yredelemnul, hangedman_decor_lopped,
          uniq_blork_the_orc, uniq_edmund
D:5:      nicolae_overflow_hidden_temple
